 Dungeon Crawl Stone Soup version 0.18-a0-82-gaf82852 (webtiles) character file.

44 QuinteeJr the Stinger (level 3, 0/19 HPs)
             Began as a Tengu Venom Mage on Nov 13, 2015.
             Slain by a jackal (1 damage)
             ... on level 2 of the Dungeon.
             The game lasted 00:13:40 (1142 turns).

QuinteeJr the Stinger (Tengu Venom Mage)            Turns: 1142, Time: 00:13:47

Health: 0/19       AC:  2    Str:  8    XL:     3   Next: 62%
Magic:  5/7        EV: 13    Int: 16    God:
Gold:   54         SH:  0    Dex: 14    Spells: 2 memorised, 4 levels left

rFire  . . .     SeeInvis .     i - scroll of fear {unknown}
rCold  . . .     Clarity  .     e - +0 robe
rNeg   . . .     SustAt   .     (no shield)
rPois  .         Gourm    .     (helmet restricted)
rElec  .         Spirit   .     (no cloak)
rCorr  .         Warding  .     (no gloves)
rMut   .         Stasis   .     (boots unavailable)
MR     .....                    (no amulet)
Stlth  ++........               (no ring)
                                (no ring)

@: not resistant to hostile enchantments, unstealthy
A: beak, talons 3
a: no special abilities


You were on level 2 of the Dungeon.
You were not hungry.

You visited 1 branch of the dungeon, and saw 2 of its levels.

You collected 54 gold pieces.

Inventory:

Hand Weapons
 d - a +0 hand axe
Armour
 a - a +0 robe
 e - a +0 robe (worn)
 h - a +0 robe
Scrolls
 g - 2 scrolls of remove curse {unknown}
 i - a scroll of fear (in hand) {unknown}
 j - a scroll of teleportation {unknown}
Potions
 f - a potion of curing {unknown}
Books
 b - a Young Poisoner's Handbook

   Spells                             Type                      Level
   a - Sting                          Conjuration/Poison           1
   b - Cure Poison                    Poison                       2
   c - Mephitic Cloud                 Conjuration/Poison/Air       3
   d - Olgreb's Toxic Radiance        Poison                       4
   e - Venom Bolt                     Conjuration/Poison           5
Comestibles
 c - a meat ration


   Skills:
 + Level 0.2 Fighting
 + Level 0.2 Axes
 + Level 2.5 Dodging
 * Level 2.3 Stealth
 * Level 2.5 Spellcasting
 * Level 1.0 Conjurations
 + Level 4.4 Poison Magic


You had 4 spell levels left.
You knew the following spells:

 Your Spells              Type           Power        Failure   Level  Hunger
a - Sting                 Conj/Pois      ##..         10%         1    #......
b - Cure Poison           Pois           ###.......   6%          2    ##.....


Dungeon Overview and Level Annotations

Branches:
Dungeon (2/15)

Altars:
Elyvilon


Innate Abilities, Weirdness & Mutations

You have a beak for a mouth.
You have claws for feet.


Message History

The adder misses you. The adder bites you.
* * * LOW HITPOINT WARNING * * *
The adder closely misses you. The adder bites you.
* * * LOW HITPOINT WARNING * * *
The adder misses you.
Wield which item (- for none, * to show all)? (? for menu, Esc to quit)
You don't have any such object.
Wield which item (- for none, * to show all)? (? for menu, Esc to quit)
i - a scroll labeled FOMALAATAA (in hand) Really attack while wielding your scroll labeled FOMALAATAA?
You barely miss the adder.
The adder is heavily wounded.
The jackal barely misses you. The adder bites you but does no damage.
The jackal barely misses you. The adder bites you but does no damage.
The jackal bites you.
* * * LOW HITPOINT WARNING * * *
The jackal bites you.
You die...

#......# ♣♣ ####.### ♣.
##.# ♣ #..# ♣ #.## #.#
### ####.### ##.##
#...†..#######.h.##
#.##.#.#.......S@.# ###
##
#.##.#.#.#####.h.######.#
#. #.##..†..#
##.........#########
#.####.###
#######............
#......# #........###.
######## #........###.
#............
#........###.
#........###.


You could see an adder and 2 jackals.

Vanquished Creatures
  An adder (D:2)
  2 ball pythons
  5 goblins
  7 hobgoblins
  2 jackals (D:2)
  5 bats
  A giant cockroach (D:1)
  A giant newt (D:1)
  8 kobolds
  3 rats
  5 fungi (D:2)
40 creatures vanquished.

Vanquished Creatures (others)
  A quokka (D:2)
1 creature vanquished.

Grand Total: 41 creatures vanquished

Notes
Turn   | Place    | Note
--------------------------------------------------------------
     0 | D:1      | QuinteeJr the Tengu Venom Mage began the quest for the Orb.
     0 | D:1      | Reached XP level 1. HP: 10/10 MP: 4/4
   217 | D:1      | Reached XP level 2. HP: 12/15 MP: 4/6
   352 | D:1      | Learned a level 2 spell: Cure Poison
   636 | D:2      | Found a white marble altar of Elyvilon.
   742 | D:2      | Reached XP level 3. HP: 19/19 MP: 3/7
   942 | D:2      | Reached skill level 1 in Conjurations
  1142 | D:2      | Slain by a jackal

Vault maps used:
D:1:      minmay_arrival_five_plusses, glass_columns_b, patterned_corridor
D:2:      elyvilon_altar_4, uniq_crazy_yiuf_cottage

Action                   || total
-------------------------++-------
Melee: Hand axe          ||    78
 Cast: Sting             ||    44
       Cure Poison       ||     2
  Eat: Bread ration      ||     1
